 Dungeon Crawl Stone Soup version 0.32-a0-132-g2d33c3cfaf (webtiles) character file.

Game seed: 11133585479618801004

128 cforsyth the Magician (level 5, -4/40 HPs)
             Began as a Djinni Hexslinger on Feb 9, 2024.
             Slain by a scorpion (5 damage)
             ... on level 4 of the Dungeon.
             The game lasted 00:02:51 (2517 turns).

cforsyth the Magician (Djinni Hexslinger)           Turns: 2517, Time: 00:02:52

Health: -4/40      AC:  2    Str:  7    XL:     5   Next: 34%
Gold:   170        EV: 12    Int: 16    God:
                   SH:  0    Dex: 16

rFire   + + .        a - +2 whip (venom)
rCold   . . .        (no shield)
rNeg    . . .        h - +0 robe
rPois   ∞            (no helmet)
rElec   .            (no cloak)
rCorr   .            (no gloves)
SInv    .            (boots unavailable)
Will    .....        (no amulet)
Stlth   +            C - ring of protection from cold
HPRegen 0.26/turn    (no ring)
MPRegen 0.00/turn

%: infuse magic (-5 HP)
@: flying
A: sickness immunity, fire resistance 2, cold vulnerability 1, float, innate
caster, HP casting, extra vitality 1
a: no special abilities


You were on level 4 of the Dungeon.
You visited 1 branch of the dungeon, and saw 4 of its levels.

You collected 170 gold pieces.


Innate Abilities, Weirdness & Mutations

You are immune to sickness and miasma.
You are immune to poison.
Your flesh is very heat resistant. (rF++)
You are vulnerable to cold. (rC-)
You float through the air rather than walking.
You learn spells naturally, not from books.
Your magical power is your life essence.
You have superior vitality. (+4 MHP)


   Skills:
 + Level 3.4 Fighting
 - Level 1.5 Ranged Weapons
 - Level 2.1 Dodging
 + Level 3.7 Spellcasting
 + Level 3.7 Conjurations
 + Level 3.7 Hexes
 + Level 3.7 Summonings
 + Level 3.7 Necromancy
 + Level 3.7 Translocations
 + Level 3.7 Fire Magic
 + Level 3.7 Ice Magic
 + Level 3.7 Air Magic
 + Level 3.7 Earth Magic
 + Level 3.7 Alchemy


You knew the following spells:

 Your Spells              Type           Power      Damage    Failure   Level
c - Cause Fear            Hex            7%         N/A       36%         4
f - Inner Flame           Hex/Fire       14%        N/A       12%         3
s - Slow                  Hex            56%        N/A       3%          1
B - Blink                 Tloc           28%        N/A       6%          2
X - Jinxbite              Hex            28%        N/A       6%          2
Y - Sigil of Binding      Hex            14%        N/A       12%         3
Z - Dimensional Bullseye  Hex/Tloc       7%         N/A       36%         4
Your spell library was empty.

Inventory:

Hand Weapons
 a - a +2 whip of venom (weapon)
Armour
 h - a +0 robe (worn)
Jewellery
 c - a ring of protection from cold
 C - a ring of protection from cold (left hand)
 E - a +5 ring of evasion
 W - a ring of willpower
Scrolls
 b - a scroll of poison
 d - 2 scrolls of vulnerability {unknown}
 e - 3 scrolls of identify {unknown}
 f - 2 scrolls of summoning {unknown}
 g - a scroll of noise {unknown}
 i - a scroll of fear {unknown}
 l - 2 scrolls of amnesia {unknown}
 m - 2 scrolls of teleportation {unknown}
Potions
 j - a potion of cancellation {unknown}
 k - a potion of heal wounds {unknown}
 n - a potion of ambrosia {unknown}
 o - a potion of berserk rage {unknown}

Dungeon Overview and Level Annotations

Branches:
Dungeon (4/15)
 Temple: D:4-7

Altars:
Nemelex Xobeh

#......###.......#..#
##.......##..#.##....## .#
##...<....#...#........####..
#.............#.###.....#....
##....#.........#.##........#
##...##.....##..............
#..###.....##..##..........
.(...........####...........
...............@##..........#
.................sf..........#
#..........#...###..#...##.)##
.........##.###...#...# ..#
#........##.. #......... ...
........##. ..##..).....>##. #
#.........#.. ...............
#............ .


You could see a sleepcap and a scorpion (very poisoned).


Message History

The helpless jelly fails to defend itself.
You hit the jelly.
Your hands burn!
The jelly is heavily wounded.
The jelly closely misses you.
You hit the jelly.
Your hands burn!
You punch the jelly.
The jelly is almost dead.
The scorpion stings you. The jelly hits you.
You are splashed with acid!
You hit the jelly.
You kill the jelly!
The scorpion barely misses you. The scorpion stings you.
* * * LOW HITPOINT WARNING * * *
You are too injured to fight recklessly!
You are too injured to fight recklessly!
You are too injured to fight recklessly!
You are too injured to fight recklessly!
You are too injured to fight recklessly!
The scorpion attacks as it pursues you! The scorpion stings you.
* * * LOW HITPOINT WARNING * * *
The scorpion stings you.
* * * LOW HITPOINT WARNING * * *
You hit the scorpion.
The scorpion is poisoned.
The scorpion is moderately wounded.
The scorpion stings you.
* * * LOW HITPOINT WARNING * * *
You barely miss the scorpion.
The scorpion is heavily wounded.
The scorpion stings you.
* * * LOW HITPOINT WARNING * * *
The scorpion stings you.
You die...

Skill      XL: |  1  2  3  4 |
---------------+-------------+-----
Spellcasting   | 3 |  3.7
Conjurations   | 3 |  3.7
Hexes          | 3 |  3.7
Summonings     | 3 |  3.7
Necromancy     | 3 |  3.7
Translocations | 3 |  3.7
Fire Magic     | 3 |  3.7
Ice Magic      | 3 |  3.7
Air Magic      | 3 |  3.7
Earth Magic    | 3 |  3.7
Alchemy        | 3 |  3.7
Fighting       | 2 3 |  3.4
Ranged Weapons | |  1.5
Dodging        | |  2.1

Action                     |  1- 3 |  4- 6 || total
---------------------------+-------+-------++-------
  Melee: Whip              |    46 |    93 ||   139
         Punch             |     1 |     4 ||     5
   Fire: Sling             |    36 |       ||    36
   Cast: Jinxbite          |       |     2 ||     2
   Stab: Sleeping          |     1 |     3 ||     4
 Armour: Robe              |    25 |    54 ||    79
  Dodge: Dodged            |    37 |    65 ||   102

Levels and vault maps discovered:
D:1:      amcnicky_arrival_blooded_trapdoor, layout_basic
D:2:      layout_basic, grunt_ministairs_4, small_statue_intersection
D:3:      layout_rooms, mainiacjoe_overflow_concentric_impassable,
          chequers_ecumenical_altar_twisty
D:4:      layout_cave_pools, serial_park, serial_park_tiny_1,
          serial_park_avenue1, serial_park_fountain, serial_park_square3
          [serial_park_minivault_5x5_6], serial_park_tiny_pond,
          serial_park_tiny_2, serial_park_tiny_2, kennysheep_generic_room_14,
          uniq_blork_the_orc, uniq_pikel

Notes
Turn   | Place    | Note
-------+----------+-------------------------------------------
     0 | D:1      | cforsyth the Djinni Hexslinger began the quest for the Orb.
     0 | D:1      | cforsyth set off with the following spells memorised:
                  | Jinxbite, Sigil of Binding, Inner Flame, Cause Fear,
                  | Dimensional Bullseye.
     0 | D:1      | Reached XP level 1. HP: 17/17 MP: 0/0
    93 | D:1      | Reached XP level 2. HP: 22/22 MP: 0/0
   139 | D:1      | Reached skill level 3 in Spellcasting
   139 | D:1      | Reached skill level 3 in Conjurations
   139 | D:1      | Reached skill level 3 in Hexes
   139 | D:1      | Reached skill level 3 in Summonings
   139 | D:1      | Reached skill level 3 in Necromancy
   139 | D:1      | Reached skill level 3 in Translocations
   139 | D:1      | Reached skill level 3 in Fire Magic
   139 | D:1      | Reached skill level 3 in Ice Magic
   139 | D:1      | Reached skill level 3 in Air Magic
   139 | D:1      | Reached skill level 3 in Earth Magic
   139 | D:1      | Reached skill level 3 in Alchemy
   272 | D:1      | Reached skill level 2 in Fighting
   272 | D:1      | Reached XP level 3. HP: 28/28 MP: 0/0
   272 | D:1      | Learned a level 1 spell: Slow
  1073 | D:2      | Reached XP level 4. HP: 25/34 MP: 0/0
  2008 | D:3      | Reached skill level 3 in Fighting
  2036 | D:3      | Found a sparkling altar of Nemelex Xobeh.
  2290 | D:3      | Found a faded altar of an unknown god.
  2345 | D:3      | Reached XP level 5. HP: 35/40 MP: 0/0
  2345 | D:3      | Learned a level 2 spell: Blink
  2517 | D:4      | HP: 1/40 [scorpion (5)]
  2517 | D:4      | Slain by a scorpion

Vanquished Creatures
  A jelly (D:4)
  A gnoll (D:1)
  2 adders (D:2)
  4 ribbon worms
  A dart slug (D:3)
  An orc (D:3)
  3 ball pythons
  9 endoplasms
  4 giant cockroaches
  3 goblins
  2 hobgoblins
  4 jackals (D:3)
  6 kobolds
  4 quokkas
  5 bats
  2 frilled lizards (D:1)
  5 rats
57 creatures vanquished.

Table legend: (Time is in decaauts)
 A = Elapsed time spent in this place.
 B = Non-inter-level travel time spent in this place.
 C = Inter-level travel time spent in this place.
 D = Time resting spent in this place.
 E = Time spent auto-exploring this place.
 F = Levels seen in this place.
 G = Mean time per level.
                   A        B        C        D        E       F      G
               +--------+--------+--------+--------+--------+-----+--------+
         Total |   2540 |   2506 |     34 |      0 |   2042 |   4 |  635.0 |
       Dungeon |   2540 |   2506 |     34 |      0 |   2042 |   4 |  635.0 |
               +--------+--------+--------+--------+--------+-----+--------+

Top non-repeatable levels by time:
     D:2: 1048 daAuts
     D:1: 828 daAuts
     D:3: 621 daAuts
     D:4: 41 daAuts

Table legend:
 A = Non-vault XP
 B = Vault XP
 C = Vault XP percentage of total XP
 D = Non-vault monster count
 E = Vault monster count
 F = Vault count percentage of total count
                 A         B        C        D         E       F
            +---------+---------+-------+---------+---------+-------
      Total |     177 |       7 |   3.8 |      55 |       2 |   3.5
            +---------+---------+-------+---------+---------+-------
        D:1 |      41 |       0 |   0.0 |      18 |       0 |   0.0
        D:2 |      45 |       7 |  13.5 |      15 |       2 |  11.8
        D:3 |      49 |       0 |   0.0 |      20 |       0 |   0.0
        D:4 |      42 |       0 |   0.0 |       2 |       0 |   0.0
            +---------+---------+-------+---------+---------+-------
